 Dungeon Sprint DCSS version 0.13-a0-2776-g5b28ffd (webtiles) character file.

9332 JacquesDerrida the Conjurer (level 11, -1/58 (62) HPs)
             Began as a Tengu Air Elementalist on Aug 25, 2013.
             Was the Champion of Kikubaaqudgha.
             Succumbed to Joseph's curare-tipped needle
             ... in the Dungeon (Sprint III: "The Ten Rune Challenge").
             The game lasted 00:30:16 (3891 turns).

JacquesDerrida the Conjurer (TeAE)                  Turns: 3891, Time: 00:30:18

HP  -1/58 (62)   AC  8     Str 11      XL: 11   Next: 17%
MP   9/26        EV 18     Int 16      God: Kikubaaqudgha [******]
Gold 1730        SH  0     Dex 15      Spells:  9 memorised,  1 level left

Res.Fire  : . . .   See Invis. : .   (no weapon)
Res.Cold  : . . .   Warding    : .   d - +2 robe {MR+}
Life Prot.: . . .   Conserve   : .   (no shield)
Res.Poison: .       Res.Corr.  : .   (helmet restricted)
Res.Elec. : .       Clarity    : .   m - +0 cloak
Sust.Abil.: . .     Spirit.Shd : .   (no gloves)
Res.Mut.  : .       Prev.Telep.: +   (boots unavailable)
Res.Rott. : .       Flight     : .   (no amulet)
Saprovore : . . .                    (no ring)
                                     (no ring)

@: repel missiles, very poisoned, slowed, very slow, quite resistant to hostile
enchantments, fairly stealthy
A: able to fly, beak, talons 3, -10% mp, AC +3
a: Fly, Receive Corpses, Torment, Renounce Religion


You were in the Dungeon.
You worshipped Kikubaaqudgha.
Kikubaaqudgha was exalted by your worship.
You were full.

You visited 1 branch You collected 1806 gold pieces.
You spent 96 gold pieces at shops.

Inventory:

Hand weapons
 j - a +2,+3 quarterstaff of chaos
Armour
 a - a +0 robe
 d - a +2 robe of magic resistance (worn)
 m - a +0 cloak (worn)
 u - a +1 orcish robe of cold resistance
 x - a +2 orcish robe of magic resistance
Magical devices
 q - a wand of flame (7)
Comestibles
 c - 2 bread rations
Scrolls
 l - 3 scrolls of remove curse
 o - 2 scrolls of immolation {unknown}
 p - a scroll of recharging {unknown}
 v - 2 scrolls of identify
Potions
 t - a potion of flight
Books
 b - a book of Air

   Spells                             Type                      Level
   *Shock                             Conjuration/Air              1
   *Swiftness                         Charms/Air                   2
   *Repel Missiles                    Charms/Air                   2
   Flight                             Charms/Air                   3
   Static Discharge                   Conjuration/Air              3
   *Lightning Bolt                    Conjuration/Air              5
 n - a book of Wizardry

   Spells                             Type                      Level
   Summon Elemental                   Summoning                    4
   *Agony                             Necromancy                   5
   Force Lance                        Conjuration                  5
   Fireball                           Conjuration/Fire             5
   Haste                              Charms                       6
   Invisibility                       Hexes                        6
 r - Kikubaaqudgha's Guide on Unholy Rites
   (Kikubaaqudgha gifted it to you in the Dungeon)

   Spells                             Type                      Level
   Pain                               Necromancy                   1
   *Corpse Rot                        Necromancy                   2
   *Sublimation of Blood              Necromancy                   2
   Vampiric Draining                  Necromancy                   3
   *Control Undead                    Necromancy                   4
 s - Kikubaaqudgha's Guide on Black Arts
   (Kikubaaqudgha gifted it to you in the Dungeon)

   Spells                             Type                      Level
   *Agony                             Necromancy                   5
   Dispel Undead                      Necromancy                   5
   Twisted Resurrection               Necromancy                   5
   Bolt of Draining                   Conjuration/Necromancy       6
   *Simulacrum                        Ice/Necromancy               6
 A - a Necronomicon

   Spells                             Type                      Level
   Borgnjor's Revivification          Necromancy                   7
   Haunt                              Necromancy/Summoning         7
   Death's Door                       Charms/Necromancy            8
   Necromutation                      Transmutation/Necromancy     8
Miscellaneous
 y - a sack of spiders


   Skills:
 + Level 6.6 Fighting
 - Level 10.1 Dodging
 - Level 2.0 Stealth
 - Level 10.4 Spellcasting
 - Level 14.0 Conjurations
 - Level 13.1 Necromancy
 + Level 9.6 Ice Magic
 - Level 12.8 Air Magic


You had one spell level left.
You knew the following spells:

 Your Spells              Type           Power        Failure   Level  Hunger
a - Shock                 Conj/Air       ####         1%          1    None
b - Swiftness             Chrm/Air       ####......   1%          2    None
c - Repel Missiles        Chrm/Air       ####......   1%          2    None
d - Lightning Bolt        Conj/Air       ######....   1%          5    ####...
e - Sublimation of Blood  Necr           ######....   1%          2    None
f - Control Undead        Necr           ######....   1%          4    ###....
g - Corpse Rot            Necr           N/A          1%          2    None
h - Agony                 Necr           ######..     1%          5    ####...
i - Simulacrum            Ice/Necr       #####.....   14%         6    ######.


Dungeon Overview and Level Annotations

Branches:
Dungeon (1/1)

Altars:
Cheibriados
Elyvilon
Fedhas
Kikubaaqudgha
Makhleb
Nemelex Xobeh
Okawaru
Sif Muna
Trog
Vehumet
Xom
Yredelemnul
Zin
the Shining One
Jiyva

Shops:
D %


Innate Abilities, Weirdness & Mutations

You can fly.
You have a beak for a mouth.
You have claws for feet.
You are partially covered in rugged brown scales (AC +1, +3% HP).
You are partially covered in thin metallic scales (AC +2).
Your magical capacity is low (-10% MP).


Message History

Okay, then.
You feel sluggish.
* * * LOW HITPOINT WARNING * * *
You feel sick.
Things that are here:
a glowing dire flail; the human corpse of Harold; an orcish robe
There are several objects here.
Pick up a glowing dire flail? ((y)es/(n)o/(a)ll/(m)enu/*?g,/q)
Okay, then.
Drink which item? (? for menu, Esc to quit)
Okay, then.
Wield which item (- for none, * to show all)? (? for menu, Esc to quit)
Okay, then.
Use which ability? (? or * to list) Use which ability? (? or * to list) Kikubaaqudgha delivers you corpses!
You feel slightly less full.
You have got your breath back.
You die...
Kikubaaqudgha rasps: "You have failed me!
Welcome... death!"

#######.[##############**********
_[#__##..#..##.)).#...#*,,,,+,,,,
..#._#.........##)#...#*≈≈≈≈**,,*
###)##..........#.#...≈≈≈.,,,,,,,
))...#..........#.#...##≈≈≈≈**,,*
.[...#)##∩##)##.#.'...#*,,,,+,,,,
####'#.#######*########**********
.#...#'#####################*****
.#...#....#(#.#%@)..#v.....+,,,≈≈
_#.).##.#..#.##%###.#......#,,,≈≈
.#...)##.#.#.##)#..##......#,,,≈≈
.'...#.))#..#..##..'.......#,,,≈≈
####################@......#,,,,,
**≈≈≈,,,,,,,,≈≈≈,,,#.......#,,,,,
*+*≈≈≈≈≈≈≈≈≈≈≈≈**,,+.......#,,,,,
≈****************,,#@(.....#*****
,******************##'######*****


There were no monsters in sight!

Vanquished Creatures
  Harold (D)
  An orc high priest (D)
  Erolcha (D)
  A deep elf knight (D)
  A deep elf conjurer (D)
  Joseph (D)
  2 orc sorcerers (D)
  2 humans (D)
  A hellwing (D)
  4 deep elf priests (D)
  2 trapdoor spiders (D)
  2 hill giants (D)
  A demigod (D)
  A necrophage (D)
  4 orc warriors (D)
  3 two-headed ogres (D)
  A water elemental (D)
  A quasit (D)
  A crimson imp (D)
  A jelly (D)
  Crazy Yiuf (D)
  A wizard (D)
  4 orc wizards (D)
  A necromancer (D)
  Jessica (D)
  An elf (D)
  A kobold demonologist (D)
  An ufetubus (D)
  7 orcs (D)
  3 grey rats (D)
  2 crawling corpses (D)
55 creatures vanquished.

Vanquished Creatures (collateral kills)
  A redback (D)
1 creature vanquished.

Vanquished Creatures (others)
  2 draconian scorchers (D)
  A yaktaur (D)
3 creatures vanquished.

Grand Total: 59 creatures vanquished

Notes
Turn   | Place    | Note
--------------------------------------------------------------
     0 | D        | JacquesDerrida, the Tengu Air Elementalist, began the quest for the Orb.
     0 | D        | Reached XP level 1. HP: 10/10 MP: 3/3
    31 | D        | Reached skill level 5 in Air Magic
   176 | D        | Noticed Jessica
   188 | D        | Killed Jessica
   188 | D        | Reached skill level 5 in Conjurations
   188 | D        | Reached skill level 6 in Air Magic
   188 | D        | Reached XP level 2. HP: 7/15 MP: 1/5
   189 | D        | Killed a white draconian scorcher
   344 | D        | Learned a level 2 spell: Swiftness
   357 | D        | Reached XP level 3. HP: 19/19 MP: 6/6
   401 | D        | Reached skill level 7 in Air Magic
   462 | D        | Killed a white draconian scorcher
   472 | D        | Killed a yaktaur
   628 | D        | Noticed Crazy Yiuf
   654 | D        | runewalsh: А, ну ещё в идеальном третьем спринте мне попадётся мануал по конжурам. #WET_DREAMS
   655 | D        | Killed Crazy Yiuf
   655 | D        | Reached skill level 8 in Air Magic
   655 | D        | JacquesDerrida: И так ок
   655 | D        | JacquesDerrida: Сейчас получу облака
   655 | D        | runewalsh: Вампирам не ок...
   655 | D        | JacquesDerrida: И все, победа
   655 | D        | Reached XP level 4. HP: 18/24 MP: 2/8
   975 | D        | Noticed a water elemental
   976 | D        | JacquesDerrida: щиииииет
   987 | D        | runewalsh: Открывал бы двери, было би "щиииииет", а так...
   987 | D        | Gained mutation: You are partially covered in rugged brown scales (AC +1, +3% HP). [potion of mutation]
   987 | D        | Gained mutation: Your magical capacity is low (-10% MP). [potion of mutation]
   987 | D        | Gained mutation: You are partially covered in thin metallic scales (AC +2). [potion of mutation]
   995 | D        | Killed a water elemental
   995 | D        | Reached skill level 9 in Conjurations
   995 | D        | JacquesDerrida: FAK YU
   995 | D        | Reached XP level 5. HP: 6/24 MP: 9/9
  1188 | D        | runewalsh: Любишь риск?
  1234 | D        | JacquesDerrida: какой уж тут риск
  1234 | D        | JacquesDerrida: ток его не бьет
  1244 | D        | Found a white marble altar of Elyvilon.
  1244 | D        | Found a glowing golden altar of the Shining One.
  1244 | D        | Found a glowing silver altar of Zin.
  1245 | D        | Noticed a deep elf priest
  1247 | D        | runewalsh: MAH EYES
  1258 | D        | Killed a deep elf priest
  1258 | D        | Reached skill level 12 in Conjurations
  1258 | D        | Reached XP level 6. HP: 8/28 MP: 1/9
  1479 | D        | Found a radiant altar of Vehumet.
  1480 | D        | Found a deep blue altar of Sif Muna.
  1480 | D        | Found an ancient bone altar of Kikubaaqudgha.
  1480 | D        | Noticed a wizard
  1481 | D        | JacquesDerrida: ваааат
  1482 | D        | Killed a wizard
  1483 | D        | Noticed a hellwing
  1524 | D        | Became a worshipper of Kikubaaqudgha
  1539 | D        | Found an iron altar of Okawaru.
  1539 | D        | Found a bloodstained altar of Trog.
  1539 | D        | Noticed a human
  1587 | D        | Killed a human
  1587 | D        | Reached skill level 5 in Spellcasting
  1587 | D        | Reached skill level 14 in Conjurations
  1587 | D        | Reached XP level 7. HP: 21/33 MP: 7/17
  1716 | D        | JacquesDerrida: В следующий раз вампиром победю
  1716 | D        | JacquesDerrida: Покажу класс!
  1738 | D        | Found a snail-covered altar of Cheibriados.
  1738 | D        | Found a blossoming altar of Fedhas.
  1738 | D        | Found a basalt altar of Yredelemnul.
  1738 | D        | Noticed a necrophage
  1738 | D        | Noticed a necromancer
  1740 | D        | Killed a necromancer
  1740 | D        | Acquired Kikubaaqudgha's first power
  1740 | D        | Received a gift from Kikubaaqudgha
  1744 | D        | Killed a necrophage
  1748 | D        | Identified Kikubaaqudgha's Guide on Unholy Rites (Kikubaaqudgha gifted it to you in the Dungeon)
  1753 | D        | Learned a level 2 spell: Repel Missiles
  1759 | D        | Learned a level 5 spell: Lightning Bolt
  1762 | D        | Learned a level 2 spell: Sublimation of Blood
  1770 | D        | Noticed a jelly
  1771 | D        | Noticed a demigod
  1788 | D        | Killed a jelly
  1792 | D        | Killed a demigod
  1792 | D        | Reached XP level 8. HP: 32/38 MP: 11/18
  1845 | D        | Found a sparkling altar of Nemelex Xobeh.
  1845 | D        | Found a shimmering altar of Xom.
  1845 | D        | Found a viscous altar of Jiyva.
  1845 | D        | Found a burning altar of Makhleb.
  1845 | D        | Noticed a spatial vortex
  1861 | D        | Noticed a two-headed ogre
  1861 | D        | Noticed a two-headed ogre
  1918 | D        | Killed a two-headed ogre
  1918 | D        | Acquired Kikubaaqudgha's second power
  2077 | D        | Noticed a two-headed ogre
  2092 | D        | Killed a two-headed ogre
  2135 | D        | Noticed an orc warrior
  2136 | D        | Noticed an orc sorcerer
  2137 | D        | Noticed an orc wizard
  2152 | D        | Noticed a sixfirhy
  2152 | D        | Killed an orc sorcerer
  2152 | D        | Reached skill level 10 in Dodging
  2152 | D        | Reached skill level 5 in Necromancy
  2153 | D        | JacquesDerrida: бляяя
  2153 | D        | JacquesDerrida: сейчас загрызет
  2246 | D        | Noticed an orc warrior
  2268 | D        | Killed an orc warrior
  2338 | D        | Noticed an orc wizard
  2343 | D        | Killed an orc wizard
  2343 | D        | Received a gift from Kikubaaqudgha
  2345 | D        | Killed an orc wizard
  2346 | D        | Identified Kikubaaqudgha's Guide on Black Arts (Kikubaaqudgha gifted it to you in the Dungeon)
  2347 | D        | JacquesDerrida: WAT
  2347 | D        | JacquesDerrida: GDE MOY RAISE DED
  2352 | D        | Learned a level 4 spell: Control Undead
  2357 | D        | Learned a level 2 spell: Corpse Rot
  2374 | D        | Noticed an orc warrior
  2389 | D        | Killed an orc warrior
  2389 | D        | Acquired Kikubaaqudgha's third power
  2389 | D        | Reached XP level 9. HP: 38/42 MP: 13/20
  2397 | D        | JacquesDerrida: какая экипировка
  2397 | D        | JacquesDerrida: нет никакой
  2414 | D        | Noticed an orc sorcerer
  2417 | D        | Noticed a hellwing
  2433 | D        | Killed an orc sorcerer
  2460 | D        | runewalsh: Так-то да, я про сокровища и магазины.
  2579 | D        | runewalsh: > it
  2581 | D        | runewalsh: Кстати, ещё одна причина бегать вампиром.
  2588 | D        | JacquesDerrida: SHTO
  2595 | D        | Noticed an orc warrior
  2616 | D        | Killed an orc warrior
  2682 | D        | Found Shriag's Food Shop.
  2683 | D        | Acquired Kikubaaqudgha's fourth power
  2695 | D        | Bought a bread ration for 48 gold pieces
  2695 | D        | Bought a bread ration for 48 gold pieces
  2711 | D        | JacquesDerrida: щииииет
  2712 | D        | Noticed a deep elf knight
  2712 | D        | Noticed a deep elf priest
  2712 | D        | Noticed a deep elf priest
  2712 | D        | Noticed a deep elf priest
  2712 | D        | Noticed a deep elf conjurer
  2720 | D        | Killed a deep elf priest
  2720 | D        | Killed a deep elf conjurer
  2720 | D        | Reached skill level 10 in Necromancy
  2723 | D        | Killed a deep elf priest
  2740 | D        | Killed a deep elf priest
  2740 | D        | Reached XP level 10. HP: 30/47 MP: 10/25
  2753 | D        | Killed a deep elf knight
  2774 | D        | Learned a level 5 spell: Agony
  2794 | D        | Killed an orc warrior
  2839 | D        | Noticed an orc wizard
  2844 | D        | Killed an orc wizard
  3012 | D        | JacquesDerrida: Все по пизде пошло в момент, когда рейз деда в книге не оказалось
  3012 | D        | JacquesDerrida: Так и толку от кики нет
  3018 | D        | Noticed a hill giant
  3020 | D        | JacquesDerrida: Все
  3022 | D        | Noticed a trapdoor spider
  3022 | D        | Killed a hill giant
  3022 | D        | Reached skill level 10 in Spellcasting
  3022 | D        | Killed a trapdoor spider
  3023 | D        | Noticed an orc wizard
  3024 | D        | Killed an orc wizard
  3027 | D        | Noticed a hill giant
  3127 | D        | Killed a hill giant
  3168 | D        | Received a gift from Kikubaaqudgha
  3259 | D        | Noticed a redback
  3260 | D        | Noticed an orc high priest
  3276 | D        | Learned a level 6 spell: Simulacrum
  3298 | D        | Noticed a trapdoor spider
  3301 | D        | Killed a trapdoor spider
  3371 | D        | Noticed Erolcha
  3537 | D        | Paralysed by Erolcha for 7 turns
  3550 | D        | Killed Erolcha
  3550 | D        | Reached skill level 5 in Ice Magic
  3551 | D        | JacquesDerrida: фак ю
  3684 | D        | Killed a redback
  3718 | D        | Killed a two-headed ogre
  3718 | D        | Killed an orc high priest
  3864 | D        | Noticed Joseph
  3865 | D        | Noticed Harold
  3884 | D        | Killed Harold
  3884 | D        | Reached skill level 5 in Fighting
  3884 | D        | Reached XP level 11. HP: 24/57 MP: 21/26
  3885 | D        | Killed Joseph
  3886 | D        | runewalsh: Лол.
  3886 | D        | JacquesDerrida: говноедство
  3890 | D        | HP: 2/58 [poisoned by Joseph (curare-tipped needle)]
  3891 | D        | Succumbed to Joseph's curare-tipped needle

Action                   |  1- 3 |  4- 6 |  7- 9 | 10-12 || total
-------------------------+-------+-------+-------+-------++-------
Melee: Quarterstaff      |       |     6 |    11 |       ||    17
 Cast: Shock             |    15 |    21 |    75 |    27 ||   138
       Swiftness         |     1 |     1 |     5 |     6 ||    13
       Lightning Bolt    |       |       |     8 |    20 ||    28
       Repel Missiles    |       |       |     1 |     1 ||     2
       Sublimation of Bl |       |       |       |     1 ||     1
       Agony             |       |       |       |     1 ||     1
       Simulacrum        |       |       |       |     1 ||     1
Invok: Receive Corpses   |       |       |       |     1 ||     1
 Abil: Fly               |       |       |     1 |       ||     1
Evoke: Wand              |       |       |     4 |       ||     4
  Use: Potion            |       |     7 |     1 |     4 ||    12
       Scroll            |       |     1 |     1 |       ||     2
